 Dungeon Crawl Stone Soup version 0.29.1-12-g30fa7ad0bf (webtiles) character file.

Game seed: 10782215823463475943

210 MajorAdolf the Sneak (level 5, 0/43 (49) HPs)
             Began as a Naga Wanderer on Dec 29, 2022.
             Slain by Duvessa
             ... wielding a +2 short sword of draining
              (1 damage)
             ... on level 3 of the Dungeon.
             The game lasted 00:05:04 (3869 turns).

MajorAdolf the Sneak (Naga Wanderer)                Turns: 3869, Time: 00:05:05

HP:   0/43 (49)     AC:  4    Str: 18    XL:     5   Next: 87%
MP:   7/7           EV:  9    Int: 13    God:
Gold: 224           SH:  0    Dex:  8    Spells: 2/6 levels left

rFire   . . .      SeeInvis +   m - +0 whip (venom)
rCold   + . .      Faith    .   (no shield)
rNeg    . . .      Spirit   .   s - +0 robe
rPois   +          Reflect  .   q - +0 helmet
rElec   .          Harm     .   (no cloak)
rCorr   .          Rampage  .   l - +0 pair of gloves
Will    .....                   (no barding)
Stlth   +++.......              (no amulet)
HPRegen 0.14/turn               g - ring of protection from cold
MPRegen 0.10/turn               (no ring)

@: heavily drained, very slow
A: AC +1, large, see invisible, deformed body, poison resistance, slowness 2,
spit poison 1, naga tail 1
a: Spit Poison


You were on level 3 of the Dungeon.
You visited 1 branch of the dungeon, and saw 4 of its levels.

You collected 224 gold pieces.

Inventory:

Hand Weapons
 a - a +2 mace
 c - a +0 dagger
 m - a +0 whip of venom (weapon)
 y - a +2 dagger of draining
Missiles
 b - 10 poisoned darts (quivered)
 f - 2 javelins
Armour
 e - a +0 leather armour
 l - a +0 pair of gloves (worn)
 q - a +0 helmet (worn)
 s - a +0 robe (worn)
Jewellery
 g - a ring of protection from cold (left hand)
Wands
 r - a wand of flame (13)
 v - a wand of charming (5)
Scrolls
 i - a scroll of magic mapping
 j - a scroll of fear {unknown}
 k - a scroll of identify {unknown}
 o - 2 scrolls of teleportation {unknown}
 p - a scroll of brand weapon {unknown}
 u - 3 scrolls of immolation {unknown}
 w - a scroll of enchant weapon {unknown}
 A - a scroll of poison {unknown}
Potions
 d - a potion of curing
 h - 3 potions of heal wounds {unknown}
 n - a potion of degeneration {unknown}
 t - a potion of resistance {unknown}
 x - 2 potions of cancellation {unknown}
 z - a potion of mutation {unknown}


   Skills:
 + Level 3.3 Fighting
 - Level 2.1 Short Blades
 - Level 3.0 Maces & Flails
 - Level 1.7 Throwing
 + Level 5.5 Stealth
 + Level 1.4 Spellcasting
 - Level 2.0 Summonings
 + Level 1.0 Ice Magic


You had 2 spell levels left.
You knew the following spells:

 Your Spells              Type           Power      Damage    Failure   Level
a - Summon Small Mammal   Summ           24%        N/A       12%         1
b - Frozen Ramparts       Ice            6%         1d1       47%         3

Your spell library contained the following spells:

 Spells                   Type           Power      Damage    Failure   Level
 Freeze                   Ice            12%        1d4       19%         1
 Necrotise                Necr           0%         1d4       26%         1
 Call Canine Familiar     Summ           6%         N/A       34%         3
 Vampiric Draining        Necr           0%         2d6       63%         3
 Hailstorm                Conj/Ice       2%         3d3       91%         4
 Agony                    Necr           0%         N/A       100%        5


Dungeon Overview and Level Annotations

Branches:
Dungeon (4/15)
 Temple: D:4-7

Altars:
Ashenzari

Annotations:
D:3 Dowan, Duvessa
D:4 Grinder


Innate Abilities, Weirdness & Mutations

Your serpentine skin is tough. (AC +1)
You have supernaturally acute eyesight. (SInv)
Armour fits poorly on your strangely shaped body.
Your system is resistant to poisons. (rPois)
You cover ground very slowly.
You can spit poison.
You have a snake-like lower body.


Message History

An endoplasm comes into view.
What are your orders? t - Shout!
Orders for allies: a - Attack new target. r - Retreat! s - Stop attacking. g - Guard the area. f - Follow me.
Anything else - Cancel.
You shout for attention!
Duvessa shouts!
The endoplasm quivers.
You hear a shout!
You hit the endoplasm.
The endoplasm is heavily wounded.
The endoplasm hits you.
You barely miss the endoplasm.
The endoplasm is heavily wounded.
The endoplasm hits you but does no damage.
You hit the endoplasm.
You kill the endoplasm!
Duvessa zaps a wand.
You resist with some effort.
Dowan points at you and mumbles some strange words.
The puff of frost hits you. You resist.
Duvessa hits you with a +2 short sword of draining!
You feel drained.
Duvessa zaps a wand.
You resist with some effort.
Dowan points at you and mumbles some strange words.
The puff of flame hits you.
There is a stone staircase leading up here.
Dowan hits you with a +0 dagger.
Duvessa hits you with a +2 short sword of draining!
* * * LOW HITPOINT WARNING * * *
You feel drained.
* * * LOW HITPOINT WARNING * * *
You climb upwards.
There is a stone staircase leading down here.
As you read the scroll labelled FIDIFU BOCSUXA, it crumbles to dust.
You feel momentarily disoriented.
It was a scroll of magic mapping.
Duvessa hits you with a +2 short sword of draining!
* * * LOW HITPOINT WARNING * * *
You feel drained.
You die...

####### ......#
#####.#############
#.............#
#######.......#
#.......#
######....e..#
######..........@.#
...##..####......e#
......## #....[..#
.....## #.......#
.....# #########
.....# .....#
.....# ....##


You could see Duvessa and Dowan.

Vanquished Creatures
  A necrophage (D:4)
  Jessica (D:2)
  Robin (D:3)
  2 adders
  2 worms
  3 dart slugs
  5 ball pythons
  13 endoplasms
  5 giant cockroaches
  10 goblins
  13 hobgoblins
  5 kobolds
  A quokka (D:1)
  4 bats
  3 frilled lizards
  3 rats
72 creatures vanquished.

Vanquished Creatures (others)
  A withered plant (D:1)
1 creature vanquished.

Grand Total: 73 creatures vanquished

Notes
Turn   | Place    | Note
-------+----------+-------------------------------------------
     0 | D:1      | MajorAdolf the Naga Wanderer began the quest for the Orb.
     0 | D:1      | MajorAdolf set off with the following items: a +2 mace, 10
                  | poisoned darts, a +0 dagger, a potion of curing, a +0
                  | leather armour; and the following spell memorised: Summon
                  | Small Mammal; and the following spells available to
                  | memorise: Call Canine Familiar.
     0 | D:1      | Reached XP level 1. HP: 19/19 MP: 2/2
    31 | D:1      | Reached skill level 1 in Stealth
   174 | D:1      | Reached skill level 1 in Short Blades
   174 | D:1      | Reached XP level 2. HP: 18/26 MP: 3/3
   271 | D:1      | Found a faded altar of an unknown god.
   307 | D:1      | Reached skill level 2 in Stealth
   616 | D:1      | Reached XP level 3. HP: 32/32 MP: 4/4
   754 | D:1      | Reached skill level 3 in Stealth
  1968 | D:2      | Reached XP level 4. HP: 20/39 MP: 5/5
  2157 | D:2      | Reached skill level 4 in Stealth
  2192 | D:2      | Noticed Jessica
  2197 | D:2      | Killed Jessica
  2739 | D:3      | Noticed Robin
  2755 | D:3      | Killed Robin
  2774 | D:3      | Reached XP level 5. HP: 37/48 MP: 6/6
  2800 | D:3      | Reached skill level 5 in Stealth
  3278 | D:4      | Found a broken altar of Ashenzari.
  3365 | D:4      | Learned a level 3 spell: Frozen Ramparts
  3683 | D:4      | Reached skill level 1 in Ice Magic
  3787 | D:4      | Noticed Grinder
  3836 | D:4      | Noticed Duvessa
  3836 | D:4      | Noticed Dowan
  3869 | D:3      | HP: 1/45 [Duvessa/+2 short sword of draining (9)]
  3869 | D:3      | Slain by Duvessa

Illustrated notes

Levels and vault maps discovered:
D:1:      dpeg_arrival_pits, layout_basic, ebering_ecumenical_altar_petrified
D:2:      layout_rooms, uniq_jessica
D:3:      layout_rooms, uniq_robin
D:4:      layout_basic, evilmike_ruin_ashenzari, uniq_duvessa, uniq_grinder,
          uniq_sigmund

Skill      XL: |  1  2  3  4  5 |
---------------+----------------+-----
Stealth        | 1 2 3 4 5 |  5.5
Short Blades   | 1 2 |  2.1
Fighting       | 3 |  3.3
Ice Magic      | 1 |  1.0
Maces & Flails | |  3.0
Throwing       | |  1.7
Spellcasting   | |  1.4
Summonings     | |  2.0

Action                   |  1- 3 |  4- 6 || total
-------------------------+-------+-------++-------
Melee: Mace              |    76 |    13 ||    89
       Whip              |    14 |   105 ||   119
       Punch             |       |     3 ||     3
Throw: Dart              |     1 |       ||     1
 Abil: Spit Poison       |     5 |       ||     5
  Use: Scroll            |       |     1 ||     1
 Stab: Sleeping          |     3 |     5 ||     8
Armor: Leather armour    |    20 |     8 ||    28
       Robe              |       |    28 ||    28
Dodge: Dodged            |    39 |    43 ||    82
